 Dungeon Crawl Stone Soup version 0.22-a0-605-g9281fa2 (webtiles) character file.

452 Mamutox the Cudgeler (level 6, -3/61 HPs)
             Began as a Troll Fighter on July 8, 2018.
             Killed from afar by an orc wizard (8 damage)
             ... with a magic dart
             ... on level 5 of the Dungeon.
             The game lasted 00:08:45 (3108 turns).

Mamutox the Cudgeler (Troll Fighter)                Turns: 3108, Time: 00:08:46

Health: -3/61      AC:  5    Str: 25    XL:     6   Next: 75%
Magic:  5/5        EV: 13    Int:  4    God:
Gold:   243        SH:  9    Dex: 11    Spells: 5/5 levels left

rFire    . . .     SeeInvis .   a - +0 flail
rCold    . . .     Gourm    +   c - +0 shield
rNeg     . . .     Faith    .   b - +0 robe
rPois    .         Spirit   .   (helmet restricted)
rElec    .         Reflect  .   (no cloak)
rCorr    .         Harm     .   (gloves unavailable)
MR       .....                  (boots unavailable)
Stlth    +.........             q - amulet of magic regeneration
HPRegen  0.60/turn              j - +4 ring of evasion
MPRegen  0.34/turn              (no ring)

@: lethally poisoned (-3 -> -6)
A: large, unfitting armour, claws 3, fast metabolism 3, gourmand, regeneration
1, shaggy fur 1, tough skin 2
a: no special abilities


You were on level 5 of the Dungeon.
You were completely stuffed.

You visited 1 branch of the dungeon, and saw 5 of its levels.

You collected 243 gold pieces.

Inventory:

Hand Weapons
 a - a +0 flail (weapon)
Missiles
 o - 2 poisoned javelins (quivered)
 D - 19 poisoned needles
 E - 4 tomahawks
Armour
 b - a +0 robe (worn)
 c - a +0 shield (worn)
Jewellery
 j - a +4 ring of evasion (left claw)
 q - an amulet of magic regeneration (around neck)
 u - a +5 ring of protection {unknown}
 x - an uncursed ring of flight {unknown}
 A - an uncursed ring of protection from fire {unknown}
 G - an uncursed ring of poison resistance {unknown}
Wands
 i - a wand of random effects (10)
 B - a wand of scattershot (7)
Scrolls
 e - a scroll of teleportation {unknown}
 g - 3 scrolls of amnesia {unknown}
 h - 4 scrolls of remove curse
 m - a scroll of enchant armour {unknown}
 r - 2 scrolls of identify
 v - a scroll of enchant weapon {unknown}
 y - a scroll of blinking {unknown}
Potions
 d - a potion of might
 k - a potion of ambrosia {unknown}
 l - 2 potions of haste {unknown}
 n - a potion of berserk rage {unknown}
 p - a potion of magic
 s - a potion of lignification {unknown}
 t - a potion of flight {unknown}
 w - 4 potions of heal wounds {unknown}
 z - a potion of invisibility {unknown}
 C - a potion of resistance
Comestibles
 f - 9 rations
 F - 2 chunks of flesh


   Skills:
 + Level 3.2 Fighting
 + Level 4.5 Maces & Flails
 + Level 3.6 Dodging
 + Level 0.4 Stealth
 + Level 3.3 Shields


You had 5 spell levels left.
You didn't know any spells.
Your spell library was empty.

Dungeon Overview and Level Annotations

Branches:
Dungeon (5/15)             Temple (0/1) D:4

Altars:
Cheibriados
Fedhas
Hepliaklqana
Makhleb
Nemelex Xobeh
Sif Muna
Uskayaw
Vehumet
Xom


Innate Abilities, Weirdness & Mutations

You are too large for most types of armour.
You have claws for hands.
Your metabolism is lightning-fast.
You like to eat raw meat.
Your natural rate of healing is unusually fast.
You are covered in fur. (AC +1)
You have very tough skin. (AC +2)


Message History

a club; a leather armour; a scroll labeled ZUXKIKU JAUN; an orc corpse You feel sick.
The orc wizard gestures at you while chanting.
The magic dart hits you!
* * * LOW HITPOINT WARNING * * *
You feel sick.
The orc wizard points at you and mumbles some strange words.
The magic dart hits you!
* * * LOW HITPOINT WARNING * * *
You closely miss the orc wizard.
The orc wizard is almost dead.
You feel sick.
The orc wizard hits you but does no damage.
You are more poisoned.
You closely miss the orc wizard.
The orc wizard is almost dead.
You feel sick.
The orc wizard points at you and mumbles some strange words.
The magic dart hits you!
You die...

##.....#####.#
#.# #.#
##.<........#
#.##.#.
##.#######.#
#.#.### ###
#.# ...# # #.#
..#.### #.#
#.###.#. #.#
#.####.# #o#
.#...... #@#
#####. #.# #.
#)# # #. #.#
#.## #. #.#
#.... #. #.#
#.....#.
#.....o..
.......<
#######.#
#......#
##...#.


You could see an orc wizard.

Vanquished Creatures
  An ogre (D:4)
  A scorpion (D:4)
  A crimson imp (D:5)
  An orc priest (D:5)
  Jessica (D:3)
  An orc wizard (D:5)
  A hound skeleton (D:4)
  10 adders
  A shadow imp (D:5)
  An adder skeleton (D:5)
  2 worms
  2 dart slugs
  4 leopard geckos
  4 orcs
  A ball python (D:3)
  3 giant cockroaches
  8 goblins
  9 hobgoblins
  4 jackals (D:2)
  10 bats
  7 frilled lizards
  A jackal skeleton (D:4)
  10 kobolds
  A leopard gecko skeleton (D:4)
  A quokka skeleton (D:4)
  11 rats
97 creatures vanquished.

Notes
Turn   | Place    | Note
-------+----------+-------------------------------------------
     0 | D:1      | Mamutox the Troll Fighter began the quest for the Orb.
     0 | D:1      | Reached XP level 1. HP: 22/22 MP: 0/0
   208 | D:1      | Reached XP level 2. HP: 29/29 MP: 1/1
   314 | D:1      | Reached skill level 2 in Maces & Flails
   456 | D:1      | Reached XP level 3. HP: 36/36 MP: 2/2
   754 | D:2      | Found a radiant altar of Vehumet.
   831 | D:2      | Reached XP level 4. HP: 30/44 MP: 3/3
   886 | D:2      | Found a sparkling altar of Nemelex Xobeh.
   981 | D:2      | Found a shimmering altar of Xom.
  1073 | D:2      | Found a burning altar of Makhleb.
  1387 | D:3      | Found a hide-covered altar of Uskayaw.
  1388 | D:3      | Noticed Jessica
  1397 | D:3      | Killed Jessica
  1397 | D:3      | Reached skill level 3 in Maces & Flails
  1437 | D:3      | Found a snail-covered altar of Cheibriados.
  1529 | D:3      | Found a deep blue altar of Sif Muna.
  1700 | D:3      | Reached XP level 5. HP: 50/53 MP: 4/4
  1912 | D:3      | Found a blossoming altar of Fedhas.
  2029 | D:3      | Found a hazy altar of Hepliaklqana.
  2252 | D:4      | Noticed an ogre
  2265 | D:4      | Killed an ogre
  2293 | D:4      | Reached skill level 4 in Maces & Flails
  2293 | D:4      | Reached XP level 6. HP: 56/61 MP: 5/5
  2661 | D:4      | Found a staircase to the Ecumenical Temple.
  2852 | D:5      | Entered Level 5 of the Dungeon
  3108 | D:5      | Killed from afar by an orc wizard

Vault maps used:
D:1:      lightli_arrival_farm, minmay_box_of_dots
D:2:      cheibrodos_helix_gallery, nemelex_xobeh_ov_fountains_minmay,
          vehumet_crystals, xom_butterflies, bloody_makhleb
D:3:      old_standard_altar, lemuel_round_altar, lemuel_blue_sif_altar,
          old_standard_altar, lemuel_round_altar, corner_web_ring,
          item_on_display_a, uniq_jessica
D:4:      minmay_temple_entry_large_hall
D:5:      first_ration

Skill      XL: |  1  2  3  4  5 |
---------------+----------------+-----
Maces & Flails | 2 3 4 |  4.5
Dodging        | 3 |  3.6
Fighting       | 3 |  3.2
Shields        | 3 |  3.3
Stealth        | |  0.4

Action                   |  1- 3 |  4- 6 || total
-------------------------+-------+-------++-------
Melee: Flail             |   144 |   261 ||   405
  Use: Scroll            |       |     4 ||     4
  Eat: Chunk             |    14 |    22 ||    36
Armor: Robe              |    55 |    73 ||   128
Dodge: Dodged            |    71 |   148 ||   219
Block: Shield            |    84 |   155 ||   239

Table legend:
 A = Spawn XP
 B = Non-spawn XP
 C = Spawn XP percentage of total XP
 D = Spawn monster count
 E = Non-spawn monster count
 F = Spawn count percentage of total count
 G = Total turns spent on level
                    A         B        C        D         E        F      G
               +---------+---------+-------+---------+---------+-------+---------
         Total |       0 |     647 |   0.0 |       0 |      97 |   0.0 |  3108
               +---------+---------+-------+---------+---------+-------+---------
           D:1 |       0 |      43 |   0.0 |       0 |      28 |   0.0 |   656
           D:2 |       0 |      69 |   0.0 |       0 |      19 |   0.0 |   709
           D:3 |       0 |     124 |   0.0 |       0 |      29 |   0.0 |   833
           D:4 |       0 |     212 |   0.0 |       0 |       9 |   0.0 |   654
           D:5 |       0 |     199 |   0.0 |       0 |      12 |   0.0 |   256
               +---------+---------+-------+---------+---------+-------+---------
